 Dungeon Crawl Stone Soup version 0.29-a0-320-g9f8742066b (webtiles) character file.

Game seed: 2830920260956399084

7518 croobank the Cleaver (level 11, -2/99 HPs)
             Began as a Hill Orc Fighter on Apr 2, 2022.
             Was a Believer of Beogh.
             Slain by a guardian serpent (12 damage)
             ... on level 11 of the Dungeon.
             The game lasted 00:33:25 (11454 turns).

croobank the Cleaver (Hill Orc Fighter)            Turns: 11454, Time: 00:33:26

Health: -2/99      AC: 32    Str: 24    XL:     11   Next: 16%
Magic:  14/17      EV:  7    Int:  8    God:    Beogh [**....]
Gold:   79         SH:  6    Dex: 10    Spells: 10/10 levels left

rFire   . . .      SeeInvis +   a - +1 war axe (freeze)
rCold   . . .      Faith    .   c - +0 buckler
rNeg    . . .      Spirit   .   G - +1 plate armour {Will+}
rPois   .          Reflect  .   A - +2 helmet {SInv}
rElec   .          Harm     .   x - +2 cloak {rCorr}
rCorr   +          Rampage  .   h - +0 pair of gloves
Will    +....                   B - +0 pair of boots
Stlth   ..........              (no amulet)
HPRegen 0.26/turn               u - +4 ring of protection
MPRegen 0.15/turn               d - +4 ring of protection

@: slowed, invisible, very slow
A: no striking features
a: Renounce Religion, Smiting


You were on level 11 of the Dungeon.
You worshipped Beogh.
Beogh was pleased with you.
You visited 1 branch of the dungeon, and saw 11 of its levels.

You collected 578 gold pieces.
You spent 499 gold pieces at shops.

Inventory:

Hand Weapons
 a - a +1 war axe of freezing (weapon)
 b - a +0 hunting sling
 o - a +2 trident of venom
 C - a +0 vorpal dire flail
 E - the +2 dagger of a Labyrinth {drain, rN++ Will+ Str+3 Stlth-}
   (You bought it in a shop on level 4 of the Dungeon)

   A truly terrible weapon, it drains the life of any living foe it strikes.
   Str:       It affects your strength (+3).
   rN:        It greatly protects you from negative energy.
   Will:      It increases your willpower.
   Stlth:     It makes you less stealthy.
Missiles
 j - 254 stones
Armour
 c - a +0 buckler (worn)
 f - a +3 chain mail
 h - a +0 pair of gloves (worn)
 x - a +2 cloak of preservation (worn)
 A - a +2 helmet of see invisible (worn)
 B - a +0 pair of boots (worn)
 G - a +1 plate armour of willpower (worn)
Jewellery
 d - a +4 ring of protection (right hand)
 m - a ring of positive energy
 u - a +4 ring of protection (left hand)
Wands
 k - a wand of digging (6)
 r - a wand of paralysis (1)
 s - a wand of flame (23) (quivered)
 y - a wand of iceblast (12)
Scrolls
 e - 2 scrolls of teleportation
 g - a scroll of brand weapon
 l - a scroll of magic mapping
 D - a scroll of holy word
 H - a scroll of acquirement
Potions
 i - 5 potions of curing
 n - 4 potions of ambrosia
 q - a potion of flight
 t - 2 potions of mutation
 v - 4 potions of lignification
 w - a potion of invisibility
 z - 2 potions of brilliance
 F - a potion of magic {unknown}


   Skills:
 + Level 10.0 Fighting
 + Level 10.4 Axes
 + Level 9.2 Armour
 + Level 9.1 Shields
 + Level 8.8 Invocations


You had 10 spell levels left.
You didn't know any spells.
Your spell library contained the following spells:

 Spells                   Type           Power      Damage    Failure   Level
 Magic Dart               Conj           0%         1d3       99%         1
 Shock                    Conj/Air       0%         1d3       99%         1
 Call Imp                 Summ           0%         N/A       100%        2
 Conjure Flame            Conj/Fire      0%         6-21      100%        3
 Dazzling Flash           Conj/Hex       0%         N/A       100%        3
 Ignite Poison            Fire/Tmut/Pois 0%         N/A       100%        3
 Mephitic Cloud           Conj/Pois/Air  0%         N/A       100%        3
 Ozocubu's Armour         Ice            0%         N/A       100%        3
 Swiftness                Air            0%         N/A       100%        3
 Airstrike                Air            0%         N/A       100%        4
 Iskenderun's Mystic Bla  Conj/Tloc      0%         2d3       100%        4
 Sticky Flame             Conj/Fire      0%         2d3       100%        4
 Summon Lightning Spire   Summ/Air       0%         N/A       100%        4
 Metabolic Englaciation   Hex/Ice        0%         N/A       100%        5
 Simulacrum               Ice/Necr       0%         N/A       100%        6
 Starburst                Conj/Fire      0%         6d3       100%        6
 Storm Form               Tmut/Air       0%         N/A       100%        7
 Maxwell's Capacitive Co  Air            0%         ∞         100%        8


Dungeon Overview and Level Annotations

Branches:
Dungeon (11/15)            Temple (0/1) D:4            Lair (0/6) D:9
    Orc: D:9-12

Altars:
Ashenzari
Elyvilon
Gozag
Hepliaklqana
Kikubaaqudgha
Nemelex Xobeh
Okawaru
Qazlal
Ru
Vehumet
Zin
The Shining One

Shops:
D:4 (=   D:5 *   D:6 (


Message History

The acid dragon roars!
The troll shouts!
You barely miss the troll. You block the troll's attack.
The troll barely misses you. The troll claws you but does no damage.
You slash the troll! You freeze the troll.
The troll is heavily wounded.
The troll barely misses you. The troll claws you. You block the troll's attack.
You hit the troll. You freeze the troll.
The troll is heavily wounded.
The troll bites you but does no damage. The troll claws you.
* * * LOW HITPOINT WARNING * * *
The troll claws you!
* * * LOW HITPOINT WARNING * * *
The troll bites you!
* * * LOW HITPOINT WARNING * * *
The troll barely misses you. You block the troll's attack.
Okay, then.
Okay, then.
Okay, then.
Okay, then.
Okay, then.
Okay, then.
As you read the scroll of teleportation, it crumbles to dust.
You feel strangely unstable. The troll bites you but does no damage.
The troll claws you.
* * * LOW HITPOINT WARNING * * *
You block the troll's attack.
You fade into invisibility!
Your surroundings suddenly seem different.
A guardian serpent and a troll come into view.
Found 19 gold pieces.
The guardian serpent shouts!
Aiming: Smiting
Press: ? - help, Dir - move target, f - guardian serpent Smite: a guardian serpent You smite the guardian serpent!!
The guardian serpent is severely wounded.
The troll shouts!
The guardian serpent hits you but does no damage.
The guardian serpent hits you!
You die...

#. #+# #.
#... ##.
#.... #..
#.....
+..##..$...
#..........
#..S..T....
#..@.#
.........#
.###.....#
#.....#
#######


You could see a guardian serpent and a troll (wandering, can't see you).

Vanquished Creatures
  A two-headed ogre (D:8)
  2 komodo dragons
  A troll (D:10)
  6 slime creatures (D:7)
  A shadow (D:10)
  A human (D:7)
  9 yaks
  3 hogs (D:7)
  A steam dragon (D:8)
  2 water moccasins
  A sky beast (D:6)
  5 orc warriors
  3 ogres
  3 centaurs
  A phantom (D:5)
  2 kobold brigands
  A gnoll sergeant (D:7)
  3 bullfrogs
  4 scorpions
  4 wights (D:8)
  A howler monkey (D:7)
  3 orc priests (D:10)
  A gnoll shaman (D:4)
  A hound (D:6)
  A jelly (D:6)
  10 orc wizards
  12 gnolls
  6 adders
  A white imp (D:7)
  2 ufetubi
  2 dart slugs (D:2)
  45 orcs
  3 ball pythons
  4 endoplasms
  A giant cockroach (D:2)
  A goblin (D:2)
  5 hobgoblins
  7 quokkas
  4 bats
  A frilled lizard (D:2)
  14 kobolds
179 creatures vanquished.

Vanquished Creatures (others)
  A gnoll (D:7)
  10 fungi
  9 plants
20 creatures vanquished.

Grand Total: 199 creatures vanquished

Notes
Turn   | Place    | Note
-------+----------+-------------------------------------------
     0 | D:1      | croobank the Hill Orc Fighter began the quest for the Orb.
     0 | D:1      | Reached XP level 1. HP: 19/19 MP: 1/1
   198 | D:1      | Reached XP level 2. HP: 27/27 MP: 2/2
   619 | D:2      | Reached XP level 3. HP: 33/33 MP: 3/3
   627 | D:2      | Found a faded altar of an unknown god.
  1224 | D:3      | Reached XP level 4. HP: 32/41 MP: 4/4
  2010 | D:3      | Reached XP level 5. HP: 47/47 MP: 5/5
  2651 | D:4      | Found Awurruus's Jewellery Shoppe.
  2677 | D:4      | Found Aloahyx's Weapon Emporium.
  2690 | D:4      | Reached skill level 5 in Fighting
  2698 | D:4      | Reached XP level 6. HP: 9/56 MP: 6/6
  2698 | D:4      | Found a staircase to the Ecumenical Temple.
  3231 | D:5      | Entered Level 5 of the Dungeon
  3263 | D:5      | Found a sparkling altar of Nemelex Xobeh.
  3471 | D:5      | Found Peisuw's Elemental Accessories.
  3620 | D:5      | Reached skill level 5 in Axes
  3620 | D:5      | Reached skill level 5 in Armour
  3620 | D:5      | Reached skill level 5 in Shields
  3673 | D:5      | Reached XP level 7. HP: 36/62 MP: 7/7
  3890 | D:5      | Found a sacrificial altar of Ru.
  3896 | D:5      | Reached skill level 1 in Invocations
  4249 | D:6      | Became a worshipper of Beogh the Brigand
  4483 | D:6      | Reached XP level 8. HP: 70/70 MP: 9/9
  4761 | D:6      | Found Ykulul's Weapon Emporium.
  4958 | D:7      | Found a stormy altar of Qazlal.
  5261 | D:7      | Noticed a slime creature
  5261 | D:7      | Noticed a slime creature
  5273 | D:7      | Killed a slime creature
  5276 | D:7      | Killed a slime creature
  5276 | D:7      | Reached * piety under Beogh
  5277 | D:7      | Noticed a slime creature
  5278 | D:7      | Noticed a slime creature
  5285 | D:7      | Killed a slime creature
  5286 | D:7      | Reached XP level 9. HP: 20/79 MP: 12/12
  5663 | D:7      | Reached skill level 5 in Invocations
  7199 | D:8      | Reached XP level 10. HP: 86/90 MP: 14/14
  8211 | D:8      | Found an opulent altar of Gozag.
  8328 | D:9      | Noticed a two-headed ogre
  8362 | D:8      | Reached ** piety under Beogh
  8365 | D:8      | Killed a two-headed ogre
  9949 | D:9      | Found a staircase to the Lair.
  9960 | D:9      | Reached skill level 10 in Axes
  9988 | D:10     | Entered Level 10 of the Dungeon
 10411 | D:10     | Reached XP level 11. HP: 99/99 MP: 17/17
 10566 | D:4      | Bought the +2 dagger of a Labyrinth {drain, rN++ Will+
                  | Str+3 Stlth-} for 499 gold pieces
 11049 | D:10     | Found a white marble altar of Elyvilon.
 11109 | D:10     | Found a hazy altar of Hepliaklqana.
 11109 | D:10     | Found a glowing golden altar of the Shining One.
 11109 | D:10     | Found a radiant altar of Vehumet.
 11118 | D:10     | Reached skill level 10 in Fighting
 11174 | D:10     | Found an ancient bone altar of Kikubaaqudgha.
 11177 | D:10     | Found a broken altar of Ashenzari.
 11179 | D:10     | Found an iron altar of Okawaru.
 11183 | D:10     | Found a glowing silver altar of Zin.
 11440 | D:11     | Identified 2 scrolls of acquirement
 11440 | D:11     | Acquired an amulet of regeneration
 11454 | D:11     | Slain by a guardian serpent

Illustrated notes

Levels and vault maps discovered:
D:1:      dpeg_arrival_windows_large_door, layout_rooms
D:2:      layout_loops_ring, shapermc_ecumenical_altar_acropolis
D:3:      layout_loops_ring
D:4:      layout_cave_pools, temple_green, serial_shops, shop,
          nicolae_shop_bloodbath_and_beyond
D:5:      layout_loops_ring, nicolae_overflow_crystal_walls,
          nemelex_spade_bored_becter, nicolae_elemental_shop, dk_noncrumbling_3
D:6:      nicolae_cairo_tiling_large_dashed, layout_loops_ring, serial_shops,
          nicolae_shop_statue_plus, minmay_misc_feat_cross, solitary_fountain
D:7:      layout_layer_cave, mainiacjoe_overflow_24_doors, grunt_livestock
D:8:      layout_loops_corners, nicolae_gozag_seed_capital, blue_anna_alchemist
D:9:      layout_layer_cave, grunt_lair_entry_orc_guard_hut
D:10:     layout_cave_pools, nicolae_overflow_hallway_of_the_gods
D:11:     nrook_guardian_serpent_snake_passage, layout_loops_corners,
          david_orc_2, uniq_sonja

Skill      XL: |  1  2  3  4  5  6  7  8  9 10 11 |
---------------+----------------------------------+-----
Axes           | 3 4 5 6 7 8 10 | 10.4
Fighting       | 4 5 6 7 8 9 10 | 10.0
Armour         | 4 5 6 7 9 |  9.2
Shields        | 4 5 6 7 8 9 |  9.1
Invocations    | 2 4 6 8 |  8.8

Action                   |  1- 3 |  4- 6 |  7- 9 | 10-12 || total
-------------------------+-------+-------+-------+-------++-------
Melee: War axe           |    72 |   122 |   170 |   217 ||   581
Throw: Stone             |       |       |     6 |       ||     6
Invok: Convert to Beogh  |       |       |     1 |       ||     1
       Smiting           |       |       |       |     1 ||     1
Evoke: Wand              |       |       |       |     6 ||     6
  Use: Scroll            |     5 |    12 |     6 |     9 ||    32
       Potion            |       |     1 |     3 |     2 ||     6
Armor: Scale mail        |    41 |    94 |    33 |       ||   168
       Chain mail        |       |       |    69 |   102 ||   171
       Plate armour      |       |       |       |    55 ||    55
Dodge: Dodged            |    27 |    56 |    67 |    79 ||   229
Block: Buckler           |    24 |    38 |    47 |    80 ||   189

Table legend: (Time is in decaauts)
 A = Elapsed time spent in this place.
 B = Non-inter-level travel time spent in this place.
 C = Inter-level travel time spent in this place.
 D = Time resting spent in this place.
 E = Time spent auto-exploring this place.
 F = Levels seen in this place.
 G = Mean time per level.
                   A        B        C        D        E       F      G
               +--------+--------+--------+--------+--------+-----+--------+
         Total |  11541 |  11117 |    424 |   2385 |   7067 |  11 | 1049.2 |
       Dungeon |  11541 |  11117 |    424 |   2385 |   7067 |  11 | 1049.2 |
               +--------+--------+--------+--------+--------+-----+--------+

Top non-repeatable levels by time:
     D:7: 2292 daAuts
     D:9: 1533 daAuts
     D:8: 1374 daAuts
     D:4: 1211 daAuts
     D:3: 1083 daAuts
    D:10: 997 daAuts
     D:5: 997 daAuts
     D:6: 726 daAuts
     D:2: 706 daAuts
     D:1: 519 daAuts
    D:11: 101 daAuts
